AoeStats
← NicNic

Hideout

507766184Analyzed
1v1 RM · 13d ago on Sep 19, 2026· 36m 11s· 2 players
Game mode
Random Map
Map size
Tiny (2 player)
Population
200
Speed
Normal
Resources
Standard
Victory
Conquest
Starting age
Dark Age
Ending age
Imperial Age
RankedLock teamsTeams togetherTeam positionsShared explorationLock speedFull tech treeHidden civsTurbo modeCheats
Victory
Defeat
🇫🇷 Lithuanians · France
874
+15
🇨🇿 Magyars · Czechia
862
-41
Tyberos the red wake
9:37 Feudal Age
11:04 Wheelbarrow
10:18 Double-Bit Axe
10:17 Horse Collar
21:27 Castle Age
20:49 Bloodlines
20:37 Stone Mining
20:37 Gold Mining
22:08 Husbandry
21:36 Light Cavalry
22:15 Fletching
22:54 Hand Cart
23:42 Bow Saw
23:38 Heavy Plow
24:57 Thumb Ring
24:53 Bodkin Arrow
25:06 Scale Barding Armor
26:37 Gold Shaft Mining
28:01 Corvinian Army
28:33 Town Watch
28:34 Loom
31:20 Chain Barding Armor
33:51 Town Patrol
36:13 Ballistics
36:16 Masonry
NicNic
10:36 Feudal Age
13:02 Loom
16:02 Castle Age
14:25 Double-Bit Axe
14:55 Horse Collar
20:11 Bow Saw
23:10 Wheelbarrow
23:18 Gold Mining
24:21 Heavy Plow
28:16 Imperial Age
28:21 Husbandry
28:32 Bloodlines
28:34 Scale Barding Armor
28:44 Forging
28:34 Stone Mining
28:21 Cavalier
29:38 Chain Barding Armor
30:01 Paladin
31:40 Plate Barding Armor
32:25 Two-Man Saw
32:49 Crop Rotation
34:19 Iron Casting
35:06 Hand Cart
34:36 Town Watch
37:25 Chemistry
Connection lost

Rejoining the realm…

Still unreachable

The connection could not be restored.

Session expired

The server has moved on; the page needs a fresh start.